Map: Ley Lines

Players

ManlyManMeat

  • Race: Zerg Zerg
  • League: Platinum
  • Spawn Location: 7:00

Echo - Winner!

  • Race: Terran Terran
  • League: Master
  • Spawn Location: 1:00

VOD

Have the link to the VOD?

Description

Time

  • Played on: June 21, 2025, 11:56 a.m.
  • Length: 12:00
Show
View Real Time Build Order
Export as new Build Order

ManlyManMeat Zerg 

Build Orders: Hatch First 

Get SALT Encoding   

  12  0:00  Drone  
  13  0:12  Overlord  
  13  0:17  Drone  
  14  0:31  Drone x2  
  16  0:38  Drone  
  17  0:53  Hatchery  
  17  0:55  Drone  
  17  1:00  Drone  
  18  1:07  Drone  
  19  1:20  Overlord  
  19  1:33  Extractor  
  19  1:35  Spawning Pool  
  17  1:58  Drone x3  
  20  2:09  Hatchery  
  20  2:11  Drone  
  20  2:19  Drone x2  
  20  2:22  Queen  
  24  2:28  Queen  
  27  2:37  Zergling x4  
  27  2:38  Zergling x2  
  27  2:41  Drone  
  30  2:52  Zergling x4  
  30  2:57  Drone  
  33  3:00  Metabolic Boost  
  33  3:08  Drone x2  
  35  3:16  Overlord  
  35  3:20  Queen  
  35  3:26  Drone x3  
  40  3:38  Drone x3  
  40  3:39  Drone  
  44  3:49  Drone x2  
  45  4:02  Drone x4  
  49  4:04  Lair  
  49  4:10  Extractor  
  49  4:11  Drone  
  49  4:14  Overlord x4  
  49  4:32  Queen x2  
  49  4:33  Drone x6  
  49  4:38  Extractor  
  58  4:39  Extractor  
  57  4:46  Evolution Chamber  
  57  4:47  Drone x4  
  57  4:48  Drone, Evolution Chamber  
  57  4:52  Drone x2  
  62  5:02  Drone x3  
  62  5:03  Spore Crawler  
  62  5:05  Spore Crawler  
  63  5:07  Drone x2  
  63  5:08  Spore Crawler  
  63  5:12  Zerg Melee Weapons Level 1  
  64  5:20  Overlord x2  
  64  5:21  Drone  
  64  5:22  Drone x2  
  67  5:28  Infestation Pit  
  66  5:50  Zerg Ground Armor Level 1  
  66  5:52  Zergling x24  
  78  5:57  Baneling Nest  
  77  6:09  Hive  
  77  6:26  Extractor  
  77  6:27  Extractor  
  74  6:38  Spore Crawler  
  74  6:39  Spore Crawler  
  72  6:43  Spire  
  72  6:44  Drone x3  
  74  7:01  Drone x3  
  77  7:02  Drone x3  
  77  7:07  Overseer  
  80  7:10  Overlord x2  
  80  7:11  Overlord x2  
  80  7:15  Baneling  
  80  7:16  Baneling x7  
  80  7:18  Centrifugal Hooks  
  80  7:24  Ultralisk Cavern  
  78  7:45  Zerg Melee Weapons Level 2, Zerg Ground Armor Level 2  
  76  7:58  Overlord x4  
  76  7:59  Overlord x3  
  76  8:19  Ultralisk x4  
  100  8:22  Zergling x40  
  120  8:44  Ultralisk  
  125  8:49  Hatchery  
  125  8:54  Chitinous Plating  
  124  8:56  Hatchery  
  85  9:18  Ultralisk x2  
  91  9:34  Zergling x20  
  91  9:35  Zergling x2  
  90  9:55  Ultralisk x2  
  102  10:02  Zergling x12  
  108  10:11  Drone x4  
  112  10:24  Drone x2  
  112  10:25  Drone x4  
  118  10:40  Ultralisk  
  118  10:41  Zergling x6  
  111  11:03  Ultralisk x2  
  108  11:07  Zergling x10  
  105  11:41  Drone x6  
  105  11:42  Drone x6  
Show
View Real Time Build Order
Export as new Build Order

Echo Terran - Winner!

Build Orders: Command Center First 

Get SALT Encoding   

  12  0:01  SCV  
  13  0:13  SCV  
  14  0:17  Supply Depot  
  14  0:25  SCV  
  15  0:39  SCV  
  16  0:51  SCV  
  17  1:03  SCV  
  17  1:04  Command Center  
  18  1:15  SCV  
  19  1:26  Refinery  
  19  1:27  SCV  
  19  1:30  Barracks  
  20  1:33  Refinery  
  20  1:39  SCV  
  21  1:51  SCV  
  22  2:03  SCV  
  23  2:18  Orbital Command  
  23  2:20  Orbital Command  
  23  2:22  Factory  
  23  2:29  Supply Depot  
  23  2:32  Barracks Reactor  
  24  2:44  SCV  
  24  2:46  SCV  
  25  2:56  SCV  
  25  2:58  SCV  
  27  3:06  Starport  
  27  3:08  SCV  
  28  3:14  Barracks Tech Lab, SCV  
  29  3:20  SCV  
  29  3:22  Command Center  
  29  3:25  Widow Mine  
  29  3:26  Widow Mine  
  34  3:28  SCV  
  34  3:32  SCV  
  36  3:40  SCV  
  37  3:41  Barracks Tech Lab  
  37  3:44  SCV  
  38  3:52  SCV  
  39  3:56  Banshee, Widow Mine x2  
  39  4:01  Supply Depot  
  46  4:04  Supply Depot  
  46  4:05  Stimpack  
  46  4:06  SCV x2  
  48  4:17  Widow Mine  
  48  4:21  SCV x2  
  52  4:33  Refinery, SCV x2  
  52  4:36  Orbital Command, Engineering Bay  
  52  4:37  Engineering Bay  
  54  4:44  Widow Mine  
  54  4:45  SCV x2  
  58  4:46  Widow Mine  
  60  4:55  Orbital Command, Barracks  
  60  4:57  SCV x2  
  62  5:01  Starport Reactor  
  62  5:11  Terran Infantry Armor Level 1, Terran Infantry Weapons Level 1  
  62  5:18  Barracks  
  62  5:19  Barracks, SCV x2  
  62  5:20  SCV  
  65  5:29  Refinery  
  65  5:31  SCV  
  65  5:32  SCV  
  65  5:33  SCV  
  68  5:40  Barracks  
  68  5:43  Barracks, SCV  
  68  5:44  Barracks, SCV, Widow Mine x2  
  68  5:45  SCV  
  68  5:46  Combat Shield  
  68  5:47  Concussive Shells  
  77  5:56  SCV  
  78  5:58  Barracks  
  78  6:02  Barracks  
  77  6:05  Marauder x2  
  77  6:06  Barracks  
  77  6:08  Barracks  
  80  6:12  Barracks  
  80  6:13  Barracks  
  80  6:17  Barracks  
  80  6:19  SCV x3  
  83  6:27  Barracks Reactor  
  83  6:29  Medivac  
  83  6:31  Barracks Reactor x2  
  85  6:33  Supply Depot  
  85  6:36  Supply Depot  
  85  6:41  Supply Depot  
  85  6:42  Supply Depot  
  85  6:47  Barracks Reactor  
  85  6:48  Barracks Reactor  
  85  6:53  Barracks Reactor  
  85  6:54  Barracks Reactor  
  85  6:55  SCV x3, Medivac  
  85  6:59  Medivac  
  92  7:05  Barracks Reactor x3  
  92  7:06  Marine x2  
  92  7:07  SCV  
  95  7:15  Command Center  
  95  7:17  Marine x3, Armory  
  95  7:19  Marauder x2  
  95  7:20  Marine  
  95  7:22  SCV x2  
  105  7:24  Marine  
  105  7:25  Medivac  
  105  7:28  SCV  
  105  7:29  Marine x2  
  110  7:30  Marine x6  
  110  7:37  Supply Depot, Marine x4, SCV x2  
  117  7:40  Marauder  
  117  7:41  Supply Depot  
  117  7:42  Supply Depot  
  125  7:57  Supply Depot  
  125  7:58  Marine x4, SCV x2  
  125  7:59  Marauder  
  125  8:01  Supply Depot  
  125  8:02  Marine x5, SCV  
  139  8:11  Terran Infantry Armor Level 2, Terran Infantry Weapons Level 2  
  139  8:12  Marine x2  
  139  8:13  Marine x3  
  139  8:14  Marine, Factory  
  139  8:16  SCV  
  139  8:18  Factory Tech Lab  
  146  8:55  Marine x2  
  146  8:56  Marauder x2, Marine x5  
  124  9:17  Marauder  
  124  9:18  Marauder  
  100  9:25  Marine  
  100  9:26  Marine x8  
  100  9:27  Marine x11  
  100  9:30  Factory Tech Lab, Siege Tank  
  123  9:35  SCV x4  
  127  9:39  Marauder x2  
  127  9:43  Marine x2  
  127  9:44  Marine  
  134  9:46  Factory  
  134  9:47  SCV x3  
  135  9:54  Orbital Command  
  135  9:59  Marine x6, SCV x2  
  141  10:00  Marauder x2, Marine x10  
  141  10:02  Siege Tank  
  141  10:06  Medivac x2  
  163  10:11  Siege Tank  
  166  10:22  Marauder x2  
  166  10:23  Refinery x2  
  170  10:29  Factory Tech Lab  
  170  10:33  Marine x6  
  170  10:34  Marine x4  
  180  10:47  Marine  
  180  10:50  Marine x2  
  180  10:52  Marine  
  180  10:54  Marine  
  180  10:56  Medivac  
  180  10:57  Marauder, Medivac  
  180  10:58  Marauder  
  180  11:02  Siege Tank  
  180  11:03  Siege Tank  
  175  11:11  SCV x4  
  168  11:12  Marine x10  
  168  11:13  Marine x2  
  180  11:20  Marauder, Marine x3, Siege Tank  
  180  11:21  Marauder, Unknown, Marine x5  
  180  11:23  SCV  
  196  11:39  Marine, SCV  
  196  11:40  Marine  
Tags
 
Add a new tag
Caveats
  • Supply blocks, unpowered buildings, or Contaminate may cause inaccurate times.
  • Supply counts are checked every 10 seconds.